PL
VANCOUVER GREY WOLVES @ RICHARDSON CITY THUNDERCATS
07/17/2025
 
TOP OF THE 1ST
Vancouver Grey Wolves batting - Pitching for Richardson City Thundercats : LHP Jesús Gonzáles
Pitching: LHP Jesús Gonzáles
Batting: RHB Danny Walsh 0-0: Ball
1-0: Ball
2-0: Foul Ball, location: 2F
2-1: Called Strike
2-2: SINGLE (Groundball, 6MD)
Batting: RHB José Carlos Ramos 0-0: Called Strike
0-1: Foul Ball, location: 2F
0-2: Ball
1-2: Strikes out swinging
Batting: LHB Héctor Cortéz 0-0: Fielders Choice at 2nd, 1-6 (Groundball, 13S)
Batting: SHB Gregg Wagner 0-0: Called Strike
0-1: Swinging Strike
0-2: Ball
1-2: Foul Ball, location: 2F
1-2: Foul Ball, location: 2F
1-2: Strikes out swinging
Top of the 1st over - 0 run(s), 1 hit(s), 0 error(s), 1 left on base; Vancouver 0 - Richardson City 0
BOTTOM OF THE 1ST
Richardson City Thundercats batting - Pitching for Vancouver Grey Wolves : RHP Raúl Areola
Pitching: RHP Raúl Areola
Batting: RHB Chriss Mann 0-0: Ball
1-0: Ground out 4-3 (Groundball, 4)
Batting: LHB Fernando Ramírez 0-0: Ball
1-0: Called Strike
1-1: Called Strike
1-2: Strikes out looking
Batting: LHB Terrence Eler 0-0: Called Strike
0-1: Fly out, F8 (Flyball, 89M)
Bottom of the 1st over - 0 run(s), 0 hit(s), 0 error(s), 0 left on base; Vancouver 0 - Richardson City 0
TOP OF THE 2ND
Vancouver Grey Wolves batting - Pitching for Richardson City Thundercats : LHP Jesús Gonzáles
Batting: RHB Jesús Martínez 0-0: Ball
1-0: Foul Ball, location: 2F
1-1: Swinging Strike
1-2: Ball
2-2: Ball
3-2: Base on Balls
Batting: LHB José Alonso 0-0: Called Strike
0-1: Ball
1-1: Swinging Strike
1-2: Strikes out swinging
Batting: RHB Alfredo Méndez 0-0: Called Strike
0-1: Called Strike
0-2: Ball
1-2: Ball
2-2: Strikes out swinging
Batting: RHB Tony Farquharson 0-0: Ball
1-0: Ball
2-0: Foul Ball, location: 2F
2-1: Foul Ball, location: 2F
2-2: 2-RUN HOME RUN (Flyball, 78XD), Distance : 405 ft
Batting: LHB Emílio Barbán 0-0: Ball
1-0: Fly out, F9 (Flyball, 9S)
Top of the 2nd over - 2 run(s), 1 hit(s), 0 error(s), 0 left on base; Vancouver 2 - Richardson City 0
BOTTOM OF THE 2ND
Richardson City Thundercats batting - Pitching for Vancouver Grey Wolves : RHP Raúl Areola
Batting: SHB Seishiro Nishimura 0-0: Ball
1-0: Fly out, F7 (Flyball, 7LM)
Batting: RHB Alden Wiley 0-0: Called Strike
0-1: Fly out, F8 (Flyball, 8LS)
Batting: RHB Joey Jones 0-0: Ball
1-0: Swinging Strike
1-1: Swinging Strike
1-2: Strikes out swinging
Bottom of the 2nd over - 0 run(s), 0 hit(s), 0 error(s), 0 left on base; Vancouver 2 - Richardson City 0
TOP OF THE 3RD
Vancouver Grey Wolves batting - Pitching for Richardson City Thundercats : LHP Jesús Gonzáles
Batting: RHB Danny Walsh 0-0: Ball
1-0: Fly out, F8 (Line Drive, 8RM)
Batting: RHB José Carlos Ramos 0-0: Called Strike
0-1: Fly out, F8 (Flyball, 78D)
Batting: LHB Héctor Cortéz 0-0: Ball
1-0: Called Strike
1-1: Called Strike
1-2: Ball
2-2: Foul Ball, location: 2F
2-2: Foul Ball, location: 2F
2-2: Ball
3-2: Strikes out swinging
Top of the 3rd over - 0 run(s), 0 hit(s), 0 error(s), 0 left on base; Vancouver 2 - Richardson City 0
BOTTOM OF THE 3RD
Richardson City Thundercats batting - Pitching for Vancouver Grey Wolves : RHP Raúl Areola
Batting: LHB Eduardo Álvarez 0-0: Called Strike
0-1: Called Strike
0-2: Strikes out swinging
Batting: RHB Nate Cates 0-0: Ball
1-0: Foul Ball, location: 2F
1-1: Called Strike
1-2: Strikes out swinging
Batting: SHB Mitch Qualtrough 0-0: Swinging Strike
0-1: Ball
1-1: Ball
2-1: Ball
3-1: Called Strike
3-2: Foul Ball, location: 2F
3-2: Foul Ball, location: 2F
3-2: Base on Balls
Batting: RHB Chriss Mann 0-0: Foul Ball, location: 2F
0-1: SINGLE (Groundball, 3D)
Mitch Qualtrough to second
Runner from 2nd tries for 3rd, SAFE, no throw
Batting: LHB Fernando Ramírez 0-0: Ball
1-0: Ball
2-0: Called Strike
2-1: Fly out, F9 (Flyball, 9)
Bottom of the 3rd over - 0 run(s), 1 hit(s), 0 error(s), 2 left on base; Vancouver 2 - Richardson City 0
TOP OF THE 4TH
Vancouver Grey Wolves batting - Pitching for Richardson City Thundercats : LHP Jesús Gonzáles
Batting: SHB Gregg Wagner 0-0: Called Strike
0-1: Foul Ball, location: 2F
0-2: Ball
1-2: Ball
2-2: DOUBLE (Line Drive, 89D)
Batting: RHB Jesús Martínez 0-0: Ball
1-0: Called Strike
1-1: Ground out 4-3 (Groundball, 4)
Gregg Wagner to third
Batting: LHB José Alonso 0-0: Ball
1-0: Ball
Wild Pitch!
Gregg Wagner scores
2-0: Called Strike
2-1: Foul Ball, location: 2F
2-2: Ball
3-2: Base on Balls
Batting: RHB Alfredo Méndez 0-0: Ball
1-0: Called Strike
1-1: Ball
2-1: Ball
3-1: Called Strike
3-2: Grounds into double play, 5-4-3 (Groundball, 56)
Top of the 4th over - 1 run(s), 1 hit(s), 0 error(s), 0 left on base; Vancouver 3 - Richardson City 0
BOTTOM OF THE 4TH
Richardson City Thundercats batting - Pitching for Vancouver Grey Wolves : RHP Raúl Areola
Batting: LHB Terrence Eler 0-0: Foul Ball, location: 2F
0-1: Ball
1-1: Swinging Strike
1-2: Ball
2-2: Foul Ball, location: 2F
2-2: Foul Ball, location: 2F
2-2: Fly out, F7 (Flyball, 78S)
Batting: SHB Seishiro Nishimura 0-0: Called Strike
0-1: Swinging Strike
0-2: Foul Ball, location: 2F
0-2: Strikes out looking
Batting: RHB Alden Wiley 0-0: Called Strike
0-1: Ball
1-1: Ball
2-1: Called Strike
2-2: DOUBLE (Flyball, 7D)
Batting: RHB Joey Jones 0-0: Ball
1-0: Swinging Strike
1-1: Ground out 6-3 (Groundball, 56)
Bottom of the 4th over - 0 run(s), 1 hit(s), 0 error(s), 1 left on base; Vancouver 3 - Richardson City 0
TOP OF THE 5TH
Vancouver Grey Wolves batting - Pitching for Richardson City Thundercats : LHP Jesús Gonzáles
Batting: RHB Tony Farquharson 0-0: Foul Ball, location: 2F
0-1: Fly out, F8 (Flyball, 8RM)
Batting: LHB Emílio Barbán 0-0: Ball
1-0: Ground out 3-1 (Groundball, 34)
Batting: RHB Danny Walsh 0-0: Ball
1-0: Ball
2-0: Called Strike
2-1: Foul Ball, location: 2F
2-2: Ball
3-2: Ground out 5-3 (Groundball, 56)
Top of the 5th over - 0 run(s), 0 hit(s), 0 error(s), 0 left on base; Vancouver 3 - Richardson City 0
BOTTOM OF THE 5TH
Richardson City Thundercats batting - Pitching for Vancouver Grey Wolves : RHP Raúl Areola
Batting: LHB Eduardo Álvarez 0-0: Ball
1-0: Swinging Strike
1-1: Fly out, F3 (Line Drive, 3S)
Batting: RHB Nate Cates 0-0: Ball
1-0: Called Strike
1-1: Foul Ball, location: 2F
1-2: SINGLE (Groundball, 15S) (infield hit)
Batting: SHB Mitch Qualtrough 0-0: Ball
1-0: Ground out U3 (Groundball, 34S)
Nate Cates to second
Batting: RHB Chriss Mann 0-0: Ground out 6-3 (Groundball, 6)
Bottom of the 5th over - 0 run(s), 1 hit(s), 0 error(s), 1 left on base; Vancouver 3 - Richardson City 0
TOP OF THE 6TH
Vancouver Grey Wolves batting - Pitching for Richardson City Thundercats : LHP Jesús Gonzáles
Batting: RHB José Carlos Ramos 0-0: Called Strike
0-1: Called Strike
0-2: Ball
1-2: Reached on error, E7 (Line Drive, 7)
Batting: LHB Héctor Cortéz 0-0: Called Strike
0-1: Ball
1-1: Ball
2-1: Swinging Strike
2-2: Foul Ball, location: 2F
2-2: Ball
3-2: Strikes out swinging
Batting: SHB Gregg Wagner 0-0: Swinging Strike
0-1: Ball
1-1: Ball
2-1: Foul Ball, location: 2F
2-2: Foul Ball, location: 2F
2-2: Foul Ball, location: 2F
2-2: Strikes out looking
Pitching: LHP Javier Ramírez
Batting: RHB Jesús Martínez 0-0: Swinging Strike
0-1: Foul Ball, location: 2F
0-2: Foul Ball, location: 2F
0-2: Ball
1-2: Foul Ball, location: 2F
1-2: Foul Ball, location: 2F
1-2: Ball
2-2: Foul Ball, location: 2F
2-2: Ball
3-2: Foul Ball, location: 2F
3-2: Strikes out swinging
Top of the 6th over - 0 run(s), 0 hit(s), 1 error(s), 1 left on base; Vancouver 3 - Richardson City 0
BOTTOM OF THE 6TH
Richardson City Thundercats batting - Pitching for Vancouver Grey Wolves : RHP Raúl Areola
Batting: LHB Fernando Ramírez 0-0: Swinging Strike
0-1: Ball
1-1: Foul Ball, location: 2F
1-2: Ball
2-2: Ball
3-2: Strikes out swinging
Batting: LHB Terrence Eler 0-0: Called Strike
0-1: SINGLE (Line Drive, 13S)
Batting: SHB Seishiro Nishimura 0-0: Grounds into double play, 6-4-3 (Groundball, 6)
Bottom of the 6th over - 0 run(s), 1 hit(s), 0 error(s), 0 left on base; Vancouver 3 - Richardson City 0
TOP OF THE 7TH
Vancouver Grey Wolves batting - Pitching for Richardson City Thundercats : LHP Javier Ramírez
Batting: LHB José Alonso 0-0: Ball
1-0: Called Strike
1-1: Called Strike
1-2: Ball
2-2: Strikes out swinging
Batting: RHB Alfredo Méndez 0-0: Foul Ball, location: 2F
0-1: Swinging Strike
0-2: Ground out 5-3 (Groundball, 56)
Batting: RHB Tony Farquharson 0-0: Called Strike
0-1: Called Strike
0-2: Strikes out swinging
Top of the 7th over - 0 run(s), 0 hit(s), 0 error(s), 0 left on base; Vancouver 3 - Richardson City 0
BOTTOM OF THE 7TH
Richardson City Thundercats batting - Pitching for Vancouver Grey Wolves : RHP Raúl Areola
Batting: RHB Alden Wiley 0-0: Swinging Strike
0-1: Swinging Strike
0-2: Foul Ball, location: 2F
0-2: Foul Ball, location: 2F
0-2: Strikes out looking
Batting: RHB Joey Jones 0-0: Ball
1-0: Fly out, F4 (Popup, 3D)
Batting: LHB Eduardo Álvarez 0-0: Called Strike
0-1: Ball
1-1: Ball
2-1: Ball
3-1: Swinging Strike
3-2: Strikes out swinging
Bottom of the 7th over - 0 run(s), 0 hit(s), 0 error(s), 0 left on base; Vancouver 3 - Richardson City 0
TOP OF THE 8TH
Vancouver Grey Wolves batting - Pitching for Richardson City Thundercats : LHP Javier Ramírez
Batting: LHB Emílio Barbán 0-0: Ball
1-0: Ground out 3-1 (Groundball, 34)
Batting: RHB Danny Walsh 0-0: Ball
1-0: Ground out U3 (Groundball, 3)
Batting: RHB José Carlos Ramos 0-0: Called Strike
0-1: Foul Ball, location: 2F
0-2: Fly out, F8 (Flyball, 8RM)
Top of the 8th over - 0 run(s), 0 hit(s), 0 error(s), 0 left on base; Vancouver 3 - Richardson City 0
BOTTOM OF THE 8TH
Richardson City Thundercats batting - Pitching for Vancouver Grey Wolves : RHP Raúl Areola
Batting: RHB Nate Cates 0-0: Ball
1-0: Ball
2-0: Foul Ball, location: 2F
2-1: Ball
3-1: Fly out, F9 (Flyball, 89M)
Batting: SHB Mitch Qualtrough 0-0: Called Strike
0-1: Ball
1-1: Called Strike
1-2: Ball
2-2: Ball
3-2: Fly out, F7 (Flyball, 7)
Batting: RHB Chriss Mann 0-0: Foul Ball, location: 2F
0-1: Ball
1-1: Swinging Strike
1-2: Ball
2-2: Strikes out swinging
Bottom of the 8th over - 0 run(s), 0 hit(s), 0 error(s), 0 left on base; Vancouver 3 - Richardson City 0
TOP OF THE 9TH
Vancouver Grey Wolves batting - Pitching for Richardson City Thundercats : LHP Javier Ramírez
Batting: LHB Héctor Cortéz 0-0: Foul Ball, location: 2F
0-1: Ball
1-1: Ball
2-1: Ground out 1-3 (Groundball, 13S)
Batting: SHB Gregg Wagner 0-0: Ball
1-0: Called Strike
1-1: Ball
2-1: Ball
3-1: Base on Balls
Batting: RHB Jesús Martínez 0-0: Ball
Gregg Wagner is caught stealing 2nd base
1-0: Ball
2-0: Ball
3-0: Called Strike
3-1: Foul Ball, location: 2F
3-2: DOUBLE (Line Drive, 9LM)
Batting: LHB José Alonso 0-0: Ball
1-0: Fly out, F9 (Line Drive, 9)
Top of the 9th over - 0 run(s), 1 hit(s), 0 error(s), 1 left on base; Vancouver 3 - Richardson City 0
BOTTOM OF THE 9TH
Richardson City Thundercats batting - Pitching for Vancouver Grey Wolves : RHP Raúl Areola
Batting: LHB Fernando Ramírez 0-0: Ball
1-0: Swinging Strike
1-1: Ball
2-1: Foul Ball, location: 2F
2-2: Ball
3-2: Foul Ball, location: 2F
3-2: Fly out, F7 (Line Drive, 7LM)
Pitching: RHP Burt Booth
Batting: LHB Terrence Eler 0-0: Ball
1-0: Foul Ball, location: 2F
1-1: Swinging Strike
1-2: Strikes out looking
Batting: SHB Seishiro Nishimura 0-0: Called Strike
0-1: Swinging Strike
0-2: Ball
1-2: SINGLE (Groundball, 4MD)
Pitching: RHP David Hudson
Batting: RHB Alden Wiley 0-0: Called Strike
0-1: Fly out, F7 (Flyball, 7D)
Bottom of the 9th over - 0 run(s), 1 hit(s), 0 error(s), 1 left on base; Vancouver 3 - Richardson City 0
Friday, December 30th, 2016 - OOTP Baseball 17.12 Build 75